cohdb
Replays
Latest Replays
All Replays
Popular Replays
Top Player Replays
Match Explorer
How It Works
Community
CoH3 Stats
Reddit
Sign in to upload your games and track your stats! →
Sign in with Steam
Match 44495846
Unlisted
Match 44495846
Overview
Messages
Build Orders
End
Royal Engineer Section
Selects Canadian Shock Battlegroup
Vickers Machine Gun Team
Construct Section Command Post
Selects Offensive Resupply
Selects Canadian Shock Section
Canadian Shock Section
Construct Platoon Command Post
Selects Incendiary Munitions
Canadian Shock Section
Canadian Shock Section
AI Takeover
Mattejoni
Evert Taube
DrewP
Dillbro
0
0
Comments
sign in to comment!
No comments posted yet!